 Dungeon Crawl Stone Soup version 0.30-a0-335-ge5acde7520 (webtiles) character file.

Game seed: 80239211017799167

86 Lanoc the Digger (level 4, -1/24 HPs)
             Began as a Deep Elf Earth Elementalist on Oct 30, 2022.
             Was a Follower of Ru.
             Succumbed to Crazy Yiuf's poison
             ... on level 2 of the Dungeon.
             The game lasted 00:02:53 (2252 turns).

Lanoc the Digger (Deep Elf Earth Elementalist)      Turns: 2252, Time: 00:02:53

Health: -1/24      AC:  2    Str: 11    XL:     4   Next: 26%
Magic:  7/10       EV: 13    Int: 22    God:    Ru [*.....]
Gold:   43         SH:  0    Dex: 15    Spells: 6/9 levels left

rFire   . . .      SeeInvis .    (no weapon)
rCold   . . .      Faith    .    (no shield)
rNeg    . . .      Spirit   .    a - +0 robe
rPois   .          Reflect  .    (no helmet)
rElec   .          Harm     +    d - scarf {harm}
rCorr   .          Rampage  .    (no gloves)
Will    .....                    (no boots)
Stlth   ++........               (no amulet)
HPRegen 0.24/turn                k - +6 ring of strength
MPRegen 0.12/turn                (no ring)

@: lethally poisoned (-1 -> -17)
A: inability to train armour
a: Renounce Religion


You were on level 2 of the Dungeon.
You worshipped Ru.
Ru was aware of your devotion.
You visited 1 branch of the dungeon, and saw 2 of its levels.

You collected 43 gold pieces.

Inventory:

Armour
 a - a +0 robe (worn)
 d - a scarf of harm (worn)
Jewellery
 k - a +6 ring of strength (left hand)
Scrolls
 c - a scroll of amnesia {unknown}
 e - a scroll of magic mapping {unknown}
 f - a scroll of vulnerability {unknown}
 g - a scroll of teleportation {unknown}
 j - a scroll of identify {unknown}
 m - a scroll of fear {unknown}
Potions
 b - a potion of magic
 h - a potion of invisibility {unknown}
 i - a potion of haste {unknown}
 l - a potion of resistance {unknown}


   Skills:
 + Level 3.6 Dodging
 - Level 2.4 Stealth
 - Level 3.0 Spellcasting
 - Level 1.1 Transmutations
 * Level 5.0 Earth Magic


You had 6 spell levels left.
You knew the following spells:

 Your Spells              Type           Power      Damage    Failure   Level
a - Sandblast             Erth           50%        2d12      1%          1
b - Passwall              Tmut/Erth      13%        N/A       5%          2

Your spell library contained the following spells:

 Spells                   Type           Power      Damage    Failure   Level
 Stone Arrow              Conj/Erth      28%        3d8       13%         3
 Petrify                  Tmut/Erth      16%        N/A       34%         4
 Inner Flame              Hex/Fire       3%         N/A       36%         3
 Cause Fear               Hex            1%         N/A       77%         4
 Discord                  Hex            1%         N/A       100%        8


Dungeon Overview and Level Annotations

Branches:
Dungeon (2/15)

Altars:
Makhleb
Ru

Annotations:
D:2 Crazy Yiuf


Innate Abilities, Weirdness & Mutations

You cannot train Armour skill.


Message History

Aim: a hobgoblin (83% to hit)
The blast of sand hits the hobgoblin!
You kill the hobgoblin!
You open the door.
There is an open door here.
There is a stone staircase leading up here.
There is an open door here.
There is an open door here.
You open the door. You open the door.
There is an open door here.
There is an open door here.
You open the door.
Crazy Yiuf shouts!
Casting: Sandblast (safe; 1% risk of failure)
Confirm with . or Enter, or press ? or * to list all spells.
Aiming: Sandblast (safe; 1% risk of failure)
Press: ? - help, Shift-Dir - straight line, f - Crazy Yiuf
Aim: Crazy Yiuf, wielding a +4 quarterstaff of chaos and wearing a +2 cloak of willpower (85% to hit)
The blast of sand hits Crazy Yiuf but does no damage.
Casting: Sandblast (safe; 1% risk of failure)
Confirm with . or Enter, or press ? or * to list all spells.
Aiming: Sandblast (safe; 1% risk of failure)
Press: ? - help, Shift-Dir - straight line, f/p - Crazy Yiuf
Aim: Crazy Yiuf, wielding a +4 quarterstaff of chaos and wearing a +2 cloak of willpower (85% to hit)
The blast of sand hits Crazy Yiuf!
Crazy Yiuf is heavily wounded.
Crazy Yiuf whimpers, "Mama pizzabubble spinner!"
Crazy Yiuf hits you with a +4 quarterstaff of chaos!
Ouch! That really hurt!
* * * LOW HITPOINT WARNING * * *
You are lethally poisoned!
Casting: Sandblast (safe; 1% risk of failure)
Confirm with . or Enter, or press ? or * to list all spells.
Aiming: Sandblast (safe; 1% risk of failure)
Press: ? - help, Shift-Dir - straight line, f/p - Crazy Yiuf
Aim: Crazy Yiuf, wielding a +4 quarterstaff of chaos and wearing a +2 cloak of willpower (heavily wounded, 85% to hit)
The blast of sand hits Crazy Yiuf.
Crazy Yiuf is heavily wounded.
You die...

#.##.......#.#.# #.##.####
##.#######.####.# #.##.....
#...............# #.#######
#..############## #........
#..##.# #........ #....>#
♣♣♣♣♣##........ #.###.# ###
♣♣♣.♣...#........ #.#...#
#...#♣..♣.............
#.#.#.#
#...g@♣♣♣♣............
#.....# #)..#♣♣
♣♣♣.#.###.... ###...# ###
♣######.... #...# #...'....
#.†.# #####....
#...################...'....
##.........).......#####....
###+#.............'.# #....
#.####....##....#.# #####


You could see Crazy Yiuf.

Vanquished Creatures
  2 adders (D:2)
  2 worms (D:2)
  A dart slug (D:1)
  8 ball pythons
  3 bats
  5 endoplasms
  4 hobgoblins
  8 jackals
  3 quokkas
  A frilled lizard (D:2)
  7 goblins
  4 kobolds (D:1)
  4 rats (D:2)
52 creatures vanquished.

Vanquished Creatures (others)
  A fungus (D:1)
1 creature vanquished.

Grand Total: 53 creatures vanquished

Notes
Turn   | Place    | Note
-------+----------+-------------------------------------------
     0 | D:1      | Lanoc the Deep Elf Earth Elementalist began the quest for
                  | the Orb.
     0 | D:1      | Reached XP level 1. HP: 10/10 MP: 6/6
     0 | D:1      | Noticed a black draconian
     0 | D:1      | Noticed a purple draconian
     6 | D:1      | Noticed an orb of fire
     7 | D:1      | Noticed a tentacled monstrosity
     9 | D:1      | Noticed an ice dragon
    11 | D:1      | Noticed a red draconian
    11 | D:1      | Noticed a tentacled monstrosity
    13 | D:1      | Noticed a shadow dragon
    15 | D:1      | Noticed an orb of fire
    15 | D:1      | Noticed a tentacled monstrosity
    15 | D:1      | Noticed a shadow dragon
    17 | D:1      | Noticed an orb of fire
    17 | D:1      | Noticed an iron dragon
    19 | D:1      | Noticed a tentacled monstrosity
    19 | D:1      | Noticed a tentacled monstrosity
    21 | D:1      | Noticed a large abomination
    49 | D:1      | Found a faded altar of an unknown god.
    71 | D:1      | Prayed at the altar of an unknown god.
    71 | D:1      | Became a worshipper of Ru the Awakened
    74 | D:1      | Gained mutation: You cannot train Armour skill. [Ru
                  | sacrifice]
    74 | D:1      | Reached * piety under Ru
   242 | D:1      | Reached XP level 2. HP: 15/15 MP: 6/8
   435 | D:1      | Reached skill level 4 in Earth Magic
   804 | D:1      | Reached XP level 3. HP: 19/19 MP: 7/9
  1513 | D:2      | Reached XP level 4. HP: 24/24 MP: 8/10
  1519 | D:2      | Learned a level 2 spell: Passwall
  1555 | D:2      | Found a burning altar of Makhleb.
  1613 | D:2      | Found a runed translucent door.
  1614 | D:2      | Noticed Crazy Yiuf
  1759 | D:2      | Reached skill level 5 in Earth Magic
  2252 | D:2      | Succumbed to Crazy Yiuf's poison

Illustrated notes

Levels and vault maps discovered:
D:1:      shiori_arrival_whats_in_store_for_you, layout_loops_corners,
          dreamdust_ecumenical_altar_grove, minmay_cupped
D:2:      layout_basic, basic_altar, uniq_crazy_yiuf_cottage

Skill      XL: |  1  2  3  4 |
---------------+-------------+-----
Earth Magic    | 4 5 |  5.0
Dodging        | 3 |  3.6
Stealth        | |  2.4
Spellcasting   | |  3.0
Transmutations | |  1.1

Action                   |  1- 3 |  4- 6 || total
-------------------------+-------+-------++-------
Melee: Unarmed           |     4 |     1 ||     5
 Cast: Sandblast         |    44 |    20 ||    64
Invok: Sacrifice Durabil |     1 |       ||     1
Armor: Robe              |     2 |     2 ||     4
Dodge: Dodged            |     7 |     6 ||    13

Table legend: (Time is in decaauts)
 A = Elapsed time spent in this place.
 B = Non-inter-level travel time spent in this place.
 C = Inter-level travel time spent in this place.
 D = Time resting spent in this place.
 E = Time spent auto-exploring this place.
 F = Levels seen in this place.
 G = Mean time per level.
                   A        B        C        D        E       F      G
               +--------+--------+--------+--------+--------+-----+--------+
         Total |   2282 |   2258 |     24 |      0 |   2014 |   2 | 1141.0 |
       Dungeon |   2282 |   2258 |     24 |      0 |   2014 |   2 | 1141.0 |
               +--------+--------+--------+--------+--------+-----+--------+

Top non-repeatable levels by time:
     D:1: 1217 daAuts
     D:2: 1065 daAuts
